Map: [ESL] Oceanborn

Players

SHIN - Winner!

  • Race: Zerg Zerg
  • Spawn Location: 11:00

Classic

  • Race: Protoss Protoss
  • Spawn Location: 5:00

Event: IEM Katowice 2024

VOD

Have the link to the VOD?

Description

Time

  • Played on: Dec. 6, 2023, 5:57 a.m.
  • Length: 19:20

All games in this series

Show
View Real Time Build Order
Export as new Build Order

SHIN Zerg - Winner!

Build Orders: Hatch First, Lurkers 

Get SALT Encoding   

  12  0:00  Drone  
  13  0:08  Drone  
  14  0:16  Overlord  
  14  0:34  Drone x2  
  16  0:48  Hatchery  
  15  0:51  Drone  
  15  0:55  Drone  
  17  0:58  Drone  
  18  1:09  Extractor  
  17  1:12  Spawning Pool  
  17  1:16  Drone  
  17  1:19  Drone  
  18  1:28  Drone  
  19  1:39  Drone  
  20  1:51  Drone  
  21  1:59  Queen x2  
  21  2:00  Zergling x2  
  21  2:01  Zergling x2  
  27  2:11  Overlord  
  27  2:13  Drone  
  28  2:19  Metabolic Boost  
  28  2:29  Drone x2  
  30  2:33  Hatchery  
  30  2:36  Drone  
  30  2:38  Drone  
  31  2:46  Queen  
  31  2:50  Overlord  
  33  2:56  Drone x3  
  36  3:07  Overlord  
  36  3:08  Queen  
  36  3:10  Drone  
  36  3:11  Drone  
  40  3:15  Drone  
  40  3:16  Drone  
  40  3:17  Zergling x2  
  43  3:21  Zergling x2  
  43  3:24  Queen  
  46  3:28  Spore Crawler  
  46  3:30  Drone  
  46  3:32  Drone  
  46  3:37  Drone  
  46  3:39  Drone  
  46  3:40  Drone x2  
  48  3:43  Drone  
  48  3:46  Drone  
  48  3:47  Drone  
  50  3:53  Drone x2  
  50  3:55  Drone  
  50  3:56  Drone x2  
  50  3:59  Spore Crawler  
  50  4:00  Drone  
  53  4:05  Drone  
  53  4:06  Queen  
  53  4:09  Drone  
  57  4:12  Overlord  
  57  4:15  Overlord  
  57  4:23  Evolution Chamber  
  56  4:24  Drone  
  56  4:28  Overlord  
  57  4:31  Drone  
  57  4:32  Drone x6  
  57  4:35  Drone  
  65  4:39  Queen  
  65  4:40  Overlord  
  65  4:42  Drone  
  68  4:46  Overlord x2  
  68  4:47  Drone x2  
  68  4:48  Drone  
  68  4:51  Drone x2  
  72  4:53  Overlord  
  72  4:59  Drone x2  
  71  5:00  Drone x3  
  71  5:02  Extractor  
  73  5:07  Zerg Melee Weapons Level 1  
  73  5:08  Zergling x4, Extractor  
  74  5:15  Hatchery  
  74  5:18  Drone x3  
  74  5:20  Zergling x4  
  78  5:26  Baneling Nest  
  78  5:28  Zergling x10  
  78  5:30  Roach Warren  
  78  5:33  Lair  
  82  5:37  Zergling x8  
  82  5:41  Overlord  
  85  5:43  Zergling x6  
  85  5:45  Drone  
  85  5:46  Spore Crawler  
  87  5:50  Zergling x8  
  87  5:55  Zergling x2  
  87  5:56  Zergling x4  
  91  6:02  Drone  
  91  6:03  Drone x3  
  95  6:05  Extractor  
  95  6:07  Overlord  
  95  6:08  Zergling x4  
  96  6:14  Drone x3  
  96  6:16  Queen  
  96  6:17  Drone, Queen  
  103  6:19  Drone x2  
  103  6:21  Drone  
  103  6:23  Extractor  
  103  6:25  Drone x2  
  107  6:26  Drone x2  
  107  6:27  Spore Crawler  
  107  6:28  Drone  
  107  6:32  Spire  
  107  6:33  Extractor  
  107  6:34  Drone x3  
  107  6:36  Drone x2  
  107  6:38  Drone  
  107  6:39  Drone  
  113  6:44  Drone  
  113  6:46  Drone  
  113  6:47  Glial Reconstitution  
  114  6:50  Overlord  
  114  6:51  Zergling x2  
  114  6:52  Zergling x6  
  118  6:58  Zergling x8, Hydralisk Den  
  118  7:00  Overlord  
  121  7:04  Zerg Melee Weapons Level 2  
  121  7:06  Overlord  
  121  7:21  Overlord  
  121  7:27  Hydralisk, Grooved Spines  
  121  7:28  Hydralisk x7  
  135  7:31  Drone  
  135  7:33  Infestation Pit  
  135  7:36  Drone x6  
  141  7:37  Extractor x2  
  141  7:41  Hydralisk x3  
  144  7:44  Overseer  
  144  7:46  Overlord  
  144  7:51  Hydralisk x2  
  143  7:52  Overlord  
  143  7:53  Drone x2  
  143  7:54  Drone  
  149  8:03  Overseer  
  149  8:05  Tunneling Claws  
  149  8:06  Zerg Flyer Weapons Level 1  
  149  8:07  Overlord  
  144  8:15  Drone  
  144  8:16  Hive  
  144  8:18  Evolution Chamber  
  144  8:19  Lurker Den  
  139  8:21  Muscular Augments  
  139  8:22  Hydralisk  
  139  8:23  Zergling x12, Drone  
  148  8:29  Overlord  
  148  8:33  Hatchery  
  147  8:38  Overlord  
  147  8:40  Hydralisk x2  
  147  8:41  Zergling x20  
  160  8:46  Zerg Missile Weapons Level 1  
  161  8:49  Overlord  
  161  8:52  Drone x3  
  161  8:54  Drone  
  165  8:58  Hydralisk  
  165  8:59  Zergling x14  
  170  9:09  Overseer  
  170  9:10  Overseer  
  170  9:13  Overseer x2  
  170  9:19  Lurker x8  
  170  9:20  Lurker  
  170  9:21  Extractor  
  170  9:23  Extractor, Drone  
  178  9:25  Lurker  
  178  9:28  Hydralisk  
  178  9:29  Hydralisk  
  178  9:30  Zergling x22  
  193  9:35  Hydralisk  
  193  9:36  Hydralisk x2  
  197  9:40  Lurker  
  198  9:47  Seismic Spines  
  197  9:54  Zerg Ground Armor Level 1  
  193  10:03  Zerg Flyer Weapons Level 2  
  193  10:06  Drone x2  
  191  10:16  Spore Crawler  
  191  10:19  Viper x2  
  192  10:30  Overseer  
  186  10:44  Adaptive Talons  
  186  10:45  Corruptor x6  
  192  10:59  Corruptor x3  
  192  11:02  Corruptor  
  199  11:06  Zerg Missile Weapons Level 2  
  195  11:16  Spore Crawler x2  
  195  11:17  Spore Crawler  
  192  11:20  Corruptor x3  
  192  11:21  Spore Crawler  
  192  11:22  Spore Crawler x2  
  192  11:23  Spore Crawler x2  
  193  11:29  Spore Crawler  
  193  11:32  Corruptor x3  
  198  11:41  Pneumatized Carapace  
  198  11:45  Corruptor  
  198  11:53  Zerg Ground Armor Level 2  
  198  11:59  Hatchery  
  197  12:04  Corruptor  
  189  12:32  Viper x2  
  193  12:43  Lurker x5  
  198  12:49  Spore Crawler  
  198  12:50  Spore Crawler  
  196  12:54  Spore Crawler  
  196  12:57  Corruptor x2  
  199  13:25  Corruptor x2  
  172  14:07  Hydralisk x14  
  196  14:15  Hydralisk x3  
  188  14:18  Zergling x4, Hydralisk  
  188  14:19  Zergling x6  
  188  14:23  Hatchery  
  187  14:27  Hydralisk  
  187  14:28  Zergling x4  
  187  14:29  Hydralisk x3  
  187  14:30  Zergling x12  
  198  14:40  Zergling x2, Hydralisk  
  198  14:44  Greater Spire  
  198  14:45  Overlord x2  
  195  14:47  Overlord  
  195  14:49  Overlord  
  195  14:51  Overlord  
  195  14:52  Overlord x2  
  193  14:53  Overlord  
  176  15:10  Lurker x5  
  176  15:11  Lurker, Hydralisk x12  
  200  15:14  Overlord x2  
  197  15:21  Drone x2  
  197  15:22  Drone x2  
  197  15:23  Drone x2  
  197  15:24  Drone x4  
  197  15:25  Hydralisk  
  197  15:26  Zergling x12  
  187  15:28  Hatchery  
  187  15:33  Drone  
  187  15:35  Drone x6  
  184  15:49  Viper  
  184  15:50  Viper  
  184  15:56  Overseer  
  182  16:07  Brood Lord x9  
  184  16:23  Infestor x4  
  187  16:27  Hydralisk x2  
  187  16:31  Hydralisk  
  191  16:32  Hatchery  
  191  16:34  Hydralisk  
  191  16:36  Hydralisk  
  191  16:45  Zergling x4  
  191  16:53  Corruptor  
  193  17:06  Corruptor x2  
  193  17:28  Corruptor x2  
  193  17:29  Corruptor x2  
  185  17:32  Corruptor  
  185  17:35  Corruptor  
  156  17:38  Infestor  
  144  17:44  Hydralisk  
  144  17:45  Hydralisk  
  144  17:46  Zergling x2  
  143  17:53  Corruptor x2  
  143  17:56  Drone x2  
  139  18:02  Drone x4  
  139  18:05  Drone x2  
  139  18:06  Drone  
  139  18:08  Zergling x4  
  139  18:11  Drone x2  
  139  18:12  Drone  
  137  18:20  Hydralisk x3  
  137  18:21  Zergling x2  
  144  18:27  Lurker x2  
  144  18:28  Lurker x3  
  149  18:37  Drone  
  149  18:38  Drone, Hydralisk x3  
  157  18:45  Hydralisk  
  157  18:46  Zergling x8  
  163  18:50  Overseer  
  163  18:52  Zergling x4, Hydralisk  
  167  18:56  Spore Crawler  
Show
View Real Time Build Order
Export as new Build Order

Classic Protoss 

Build Orders: 1 Gate Expand, Oracle Opening, Carriers 

Get SALT Encoding   

  12  0:00  Probe  
  13  0:12  Probe  
  14  0:17  Pylon  
  14  0:24  Probe  
  15  0:36  Gateway  
  15  0:37  Probe (Chrono Boost)  
  16  0:47  Assimilator, Probe (Chrono Boost)  
  17  0:51  Probe (Chrono Boost)  
  18  1:03  Probe  
  19  1:15  Probe  
  20  1:24  Nexus  
  20  1:27  Probe  
  21  1:37  Cybernetics Core  
  21  1:40  Probe  
  22  1:47  Assimilator  
  22  1:52  Pylon  
  22  1:55  Probe  
  23  2:10  Adept (Chrono Boost), Probe  
  26  2:18  Stargate  
  26  2:22  Probe  
  27  2:26  Warp Gate  
  27  2:33  Adept  
  27  2:35  Probe (Chrono Boost)  
  27  2:36  Probe (Chrono Boost)  
  32  2:45  Probe x2 (Chrono Boost)  
  32  2:50  Probe x2 (Chrono Boost)  
  35  2:59  Oracle (Chrono Boost)  
  35  3:01  Probe  
  35  3:02  Probe  
  40  3:06  Pylon  
  40  3:13  Probe  
  40  3:14  Probe  
  40  3:17  Gateway  
  40  3:19  Stalker  
  44  3:25  Probe  
  44  3:26  Probe  
  46  3:33  Oracle (Chrono Boost)  
  46  3:38  Probe x2  
  49  3:44  Assimilator  
  49  3:46  Assimilator  
  49  3:47  Pylon  
  47  3:50  Probe  
  47  3:51  Probe  
  49  4:02  Probe  
  49  4:03  Probe  
  51  4:12  Nexus  
  51  4:14  Pylon  
  51  4:15  Probe x2  
  53  4:21  Fleet Beacon  
  53  4:23  Stalker  
  55  4:28  Fleet Beacon  
  55  4:29  Probe  
  56  4:34  Adept  
  56  4:38  Stargate  
  58  4:41  Probe x2  
  58  4:45  Pylon  
  60  4:56  Probe x2  
  59  5:08  Probe  
  59  5:09  Shield Battery, Probe  
  59  5:10  Pylon  
  67  5:19  Carrier (Chrono Boost)  
  67  5:21  Adept x2  
  69  5:26  Carrier (Chrono Boost)  
  71  5:31  Probe x2 (Chrono Boost)  
  80  5:36  Probe (Chrono Boost)  
  80  5:39  Assimilator  
  80  5:40  Probe x2 (Chrono Boost)  
  80  5:42  Assimilator  
  82  5:44  Probe (Chrono Boost)  
  82  5:49  Probe x2  
  84  5:55  Probe  
  84  6:01  Probe x2  
  84  6:03  Twilight Council  
  84  6:04  Forge  
  84  6:07  Gateway x2, Probe  
  85  6:13  Stalker  
  85  6:14  Stalker  
  85  6:17  Probe  
  85  6:18  Probe  
  91  6:19  Probe  
  91  6:20  Pylon  
  92  6:28  Gateway  
  92  6:30  Gateway  
  92  6:31  Gateway  
  92  6:37  Stalker x2  
  96  6:46  Protoss Ground Weapons Level 1  
  95  6:47  Blink  
  95  6:50  Gateway  
  95  6:52  Gateway  
  95  6:55  Templar Archives, Pylon  
  95  6:57  Photon Cannon  
  95  6:58  Probe x3  
  98  7:04  Stalker x3  
  98  7:05  Stalker  
  106  7:25  Psionic Storm  
  106  7:36  High Templar x4  
  114  7:38  Pylon  
  114  7:40  Pylon  
  113  7:47  Stalker  
  113  7:49  Nexus, Shield Battery  
  113  7:51  Pylon  
  115  8:00  High Templar x2  
  115  8:04  Robotics Facility  
  119  8:06  Probe  
  119  8:07  Probe x2  
  119  8:08  Pylon  
  122  8:14  Nexus  
  122  8:17  Pylon  
  122  8:19  Stalker x3  
  128  8:20  Stalker x3  
  128  8:26  Shield Battery  
  134  8:27  Shield Battery, Pylon  
  131  8:38  Stalker x2  
  131  8:39  Carrier (Chrono Boost)  
  135  8:47  Carrier (Chrono Boost)  
  141  8:51  Warp Prism (Chrono Boost)  
  149  9:00  Assimilator  
  149  9:02  Assimilator  
  149  9:03  Pylon, Probe x3  
  149  9:04  Photon Cannon  
  149  9:05  Protoss Ground Weapons Level 2 (Chrono Boost)  
  149  9:06  Pylon  
  149  9:09  Photon Cannon  
  152  9:11  Pylon  
  152  9:17  Charge  
  152  9:19  Probe x3  
  152  9:21  Photon Cannon  
  152  9:23  Observer (Chrono Boost)  
  156  9:40  Stalker x5  
  156  9:41  Stalker  
  168  9:46  Carrier (Chrono Boost)  
  178  10:01  Immortal (Chrono Boost)  
  178  10:06  Zealot x2  
  186  10:08  Zealot  
  186  10:12  Carrier (Chrono Boost)  
  186  10:14  Zealot x3  
  186  10:16  Zealot  
  194  10:27  Zealot x3  
  200  10:30  Photon Cannon  
  200  10:32  Photon Cannon  
  200  10:38  Robotics Facility  
  200  10:44  Robotics Facility  
  200  10:51  Photon Cannon  
  200  10:54  Protoss Air Weapons Level 1 (Chrono Boost)  
  200  10:55  Pylon  
  200  11:01  Immortal (Chrono Boost)  
  198  11:17  Stargate  
  198  11:18  Stargate  
  198  11:20  Protoss Shields Level 1 (Chrono Boost)  
  198  11:22  Cybernetics Core  
  198  11:24  Nexus  
  198  11:27  Pylon  
  198  11:35  Forge  
  194  11:45  Zealot x5  
  194  11:46  Zealot x3  
  198  11:50  Shield Battery  
  198  11:51  Photon Cannon  
  198  11:52  Photon Cannon  
  198  11:53  Shield Battery  
  199  11:54  Observer (Chrono Boost)  
  199  12:03  Photon Cannon  
  199  12:04  Photon Cannon  
  199  12:06  Observer (Chrono Boost), Photon Cannon  
  200  12:29  Carrier (Chrono Boost)  
  191  12:38  Carrier (Chrono Boost)  
  191  12:39  Mothership (Chrono Boost)  
  191  12:43  Tempest (Chrono Boost)  
  196  12:54  Observer  
  196  12:57  Protoss Air Armor Level 1  
  197  13:00  Protoss Air Weapons Level 2, Assimilator  
  197  13:04  Nexus  
  197  13:16  Tempest  
  195  13:21  Immortal (Chrono Boost)  
  200  13:31  Immortal (Chrono Boost)  
  200  13:33  Immortal (Chrono Boost)  
  165  14:05  Stalker x8  
  163  14:12  Tempest x4  
  163  14:17  Immortal (Chrono Boost)  
  163  14:22  Unknown  
  160  14:27  Immortal (Chrono Boost)  
  158  14:32  High Templar x4, Immortal (Chrono Boost)  
  158  14:35  Protoss Ground Weapons Level 3 (Chrono Boost)  
  145  15:03  Stalker x3  
  145  15:04  Stalker  
  146  15:07  Immortal x2 (Chrono Boost)  
  156  15:47  Zealot x8  
  156  15:49  Observer  
  159  15:51  Warp Prism (Chrono Boost)  
  159  15:53  Observer x2 (Chrono Boost)  
  151  16:20  Immortal  
  151  16:25  Tempest (Chrono Boost)  
  151  16:31  Tempest (Chrono Boost)  
  151  16:32  High Templar x3  
  159  16:33  High Templar x3  
  151  16:48  Archon  
  151  16:56  Tempest x2 (Chrono Boost)  
  151  16:59  Tempest (Chrono Boost)  
  151  17:01  Tempest (Chrono Boost)  
  157  17:20  Stalker x5  
  157  17:21  Stalker  
  134  17:34  Archon  
  90  17:47  Zealot x6  
  90  17:49  Tempest x2  
  104  17:56  Tempest  
  86  18:07  Stalker x3  
  76  18:21  High Templar x3  
  76  18:23  Immortal (Chrono Boost)  
  86  18:31  High Templar x2  
  86  18:34  High Templar  
  92  18:45  Assimilator  
  89  19:10  Stalker  
  89  19:11  Stalker  
  89  19:13  Archon  

Tags
 
Add a new tag
Caveats
  • Supply blocks, unpowered buildings, or Contaminate may cause inaccurate times.
  • Supply counts are checked every 10 seconds.